 Dungeon Crawl Stone Soup version 0.28.0-53-g5a82cb258f (webtiles) character file.

Game seed: 12639405419291374436

73 KamiKatze the Skirmisher (level 4, -4/29 HPs)
             Began as a Gargoyle Berserker on July 24, 2022.
             Was a Follower of Trog.
             Slain by Sigmund
             ... wielding a +0 scythe
              (6 damage)
             ... on level 2 of the Dungeon.
             The game lasted 00:05:36 (1456 turns).

KamiKatze the Skirmisher (Gargoyle Berserker)       Turns: 1456, Time: 00:05:36

Health: -4/29      AC: 10    Str: 23    XL:     4   Next: 27%
Magic:  4/4        EV: 11    Int:  7    God:    Trog [*.....]
Gold:   38         SH:  0    Dex:  9    Spells: 3/3 levels left

rFire   . . .      SeeInvis .   a - +0 hand axe
rCold   . . .      Faith    .   (no shield)
rNeg    + . .      Spirit   .   n - +0 leather armour
rPois   ∞          Reflect  .   g - +0 helmet
rElec   +          Harm     .   i - +1 cloak
rCorr   .          Rampage  .   (no gloves)
Will    .....                   (no boots)
Stlth   +.........              (no amulet)
HPRegen 0.09/turn               (no ring)
MPRegen 0.09/turn               (no ring)

@: on berserk cooldown, slowed, very slow
A: sickness immunity, AC +3, negative energy resistance 1, electricity
resistance, torment resistance 1, petrification resistance
a: Renounce Religion, Berserk


You were on level 2 of the Dungeon.
You worshipped Trog.
Trog was aware of your devotion.
You visited 1 branch of the dungeon, and saw 2 of its levels.

You collected 38 gold pieces.

Inventory:

Hand Weapons
 a - a +0 hand axe (weapon)
 j - a +0 hand axe
Missiles
 d - 34 stones (quivered)
Armour
 b - a +0 animal skin
 g - a +0 helmet (worn)
 h - a +0 ring mail
 i - a +1 cloak (worn)
 n - a +0 leather armour (worn)
Wands
 o - a wand of acid (7)
Scrolls
 k - 2 scrolls of identify {unknown}
 l - a scroll of blinking {unknown}
 m - a scroll of teleportation {unknown}
Potions
 c - a potion of might {unknown}
 e - 2 potions of flight {unknown}
 f - a potion of brilliance {unknown}


   Skills:
 + Level 3.8 Fighting
 * Level 3.6 Axes
 + Level 2.9 Armour
 - Level 2.0 Dodging


You had 3 spell levels left.
You didn't know any spells.
Your spell library contained the following spells:

 Spells                   Type           Power      Damage    Failure   Level
 Petrify                  Tmut/Erth      0%         N/A       99%         4
 Irradiate                Conj/Tmut      0%         3d14      100%        5
 Sublimation of Blood     Necr           Unusable   N/A       N/A         2

Dungeon Overview and Level Annotations

Branches:
Dungeon (2/15)

Altars:
The Shining One

Annotations:
D:2 Sigmund


Innate Abilities, Weirdness & Mutations

You are immune to sickness and miasma.
Your stone body is resilient. (AC +3)
You are immune to poison.
You resist negative energy. (rN+)
You are resistant to electric shocks. (rElec)
You are resistant to unholy torment.
You are immune to petrification.


Message History

The kobold throws a stone.
The stone misses you. The dart slug launches a dart at you.
The slug dart misses you. The kobold hits you but does no damage.
Something hits you!
A red film seems to cover your vision as you go berserk!
You feel yourself moving faster!
You feel mighty! The kobold barely misses you.
The dart slug launches a dart at you.
The slug dart hits something.
You closely miss something. You hit the kobold.
You kill the kobold!
Trog accepts your kill. Something hits you.
You barely miss something. You slash something! You slash the dart slug! x2
Something hits you but does no damage.
You miss something. You hit the dart slug.
You kill the dart slug!
Trog accepts your kill.
You hit the dart slug. The dart slug launches a dart at you.
The slug dart hits you.
You hit something. You slash the dart slug!
You kill the dart slug!
Trog accepts your kill.
You hear some strange, mumbled words.
You are confused.
You slash something! Something hits you but does no damage.
Unknown command.
You feel a strong urge to attack something.
Something hits you!
* * * LOW HITPOINT WARNING * * *
You feel your anger nearly subside.
You are no longer berserk.
You are exhausted.
You feel yourself slow down. Something hits you but does no damage.
You feel less confused. Something hits you!
* * * LOW HITPOINT WARNING * * *
Something hits you.
You die...

#.# ........# #.# .......
......... #.# #.#.#.###
######### #.# ##+##...#...
#.# ..>........# #.#
...........+ ♣♣♣ #.#
...........#### #####♣♣♣.♣
#.# ..............#
#...#♣..♣. #.#
.........@....# #...).♣♣♣♣
#.# ..............#
#)..#♣♣ ♣ #.#
.........){...# ##### #.#
..............# #.#
..............# #.#
......(.......############
#.#
###########....##...##....
#.# ########
#....##...##.... #.#
#......# #.....#...##....


There were no monsters in sight!

Vanquished Creatures
  Crazy Yiuf (D:2)
  2 dart slugs (D:2)
  An orc (D:2)
  2 ball pythons (D:2)
  4 bats
  5 endoplasms
  4 giant cockroaches
  3 goblins
  A hobgoblin (D:1)
  2 quokkas (D:1)
  2 frilled lizards (D:1)
  4 kobolds
  5 rats
36 creatures vanquished.

Notes
Turn   | Place    | Note
-------+----------+-------------------------------------------
     0 | D:1      | KamiKatze the Gargoyle Berserker began the quest for the
                  | Orb.
     0 | D:1      | Reached XP level 1. HP: 14/14 MP: 1/1
   319 | D:1      | Reached XP level 2. HP: 19/19 MP: 2/2
   927 | D:2      | Reached XP level 3. HP: 23/23 MP: 3/3
   944 | D:2      | Found a glowing golden altar of the Shining One.
  1155 | D:2      | Found a runed translucent door.
  1156 | D:2      | Noticed Crazy Yiuf
  1167 | D:2      | Killed Crazy Yiuf
  1168 | D:2      | Reached XP level 4. HP: 16/29 MP: 0/4
  1434 | D:2      | Noticed Sigmund
  1456 | D:2      | Slain by Sigmund

Illustrated notes

Levels and vault maps discovered:
D:1:      psy_arrival_statuary, layout_loops_ring
D:2:      layout_basic, serial_forest, infiniplex_forest_lined_corner,
          infiniplex_forest_lined_2, infiniplex_forest_clump_curved,
          infiniplex_forest_clump_tiny, infiniplex_forest_fountain,
          infiniplex_forest_straight_4, infiniplex_forest_clump_long,
          basic_altar, grunt_ministairs_1, grunt_decor_resistance,
          uniq_crazy_yiuf_cottage, uniq_sigmund

Skill      XL: |  1  2  3 |
---------------+----------+-----
Axes           | 3 |  3.6
Dodging        | 2 |  2.0
Fighting       | |  3.8
Armour         | |  2.9

Action                   |  1- 3 |  4- 6 || total
-------------------------+-------+-------++-------
Melee: Hand axe          |    75 |    26 ||   101
       Punch             |     1 |       ||     1
Throw: Stone             |    17 |     1 ||    18
Invok: Berserk           |     1 |     1 ||     2
Armor: Animal skin       |    23 |       ||    23
       Leather armour    |     6 |    13 ||    19
Dodge: Dodged            |    47 |    18 ||    65
